 Dungeon Sprint DCSS version 0.28-a0-381-g937acc2988 (webtiles) character file.

Game seed: 13360531136167704905

11321 Ankalagon the Warrior (level 11, -9/190 HPs)
             Began as a Naga Berserker on Sept 1, 2021.
             Was a High Priest of Trog.
             Mangled by a golden dragon (13 damage)
             ... in the Dungeon (Sprint II: "The Violet Keep of Menkaure").
             The game lasted 00:10:20 (3099 turns).

Ankalagon the Warrior (Naga Berserker)              Turns: 3099, Time: 00:10:20

Health: -9/190     AC: 16    Str: 22    XL:     11   Next: 75%
Magic:  11/11      EV: 16    Int: 10    God:    Trog [*****.]
Gold:   468        SH:  0    Dex: 20    Spells: 10/10 levels left

rFire   + . .      SeeInvis +   x - +2 halberd (flame) {god gift}
rCold   . . .      Faith    .   (shield currently unavailable)
rNeg    . . .      Spirit   .   j - +3 ring mail "Tytwut" {Will+ Int+2}
rPois   +          Reflect  .   y - +0 helmet
rElec   .          Harm     .   l - +0 cloak
rCorr   .          Rampage  .   i - +1 pair of gloves {Str+3}
Will    ++...      NoTele   +   (no barding)
Stlth   ..........              v - amulet of the acrobat
HPRegen 0.41/turn               p - +6 ring of dexterity
MPRegen 0.12/turn               t - ring of protection from fire

@: berserking (expiring), quick
A: AC +3, large, see invisible, deformed body, poison resistance, slowness 2,
spit poison 1, naga tail 1
a: Spit Poison, Renounce Religion, Berserk, Trog's Hand, Brothers in Arms


You were in the Dungeon.
You worshipped Trog.
Trog was extremely pleased with you.
You visited 1 branch You collected 1193 gold pieces.
You spent 725 gold pieces at shops.

Inventory:

Hand Weapons
 a - a +0 spear
 g - a +0 trident
 x - a +2 halberd of flaming (weapon) {god gift}
Armour
 b - a +0 animal skin
 i - a +1 pair of gloves of strength (worn)
 j - the +3 ring mail "Tytwut" (worn) {Will+ Int+2}
   (You bought it in a shop in the Dungeon)

   Int:       It affects your intelligence (+2).
   Will:      It increases your willpower.
 l - a +0 cloak (worn)
 y - a +0 helmet (worn)
Jewellery
 o - a ring of magical power
 p - a +6 ring of dexterity (left hand)
 t - a ring of protection from fire (right hand)
 v - an amulet of the acrobat (around neck)
Scrolls
 h - 2 scrolls of blinking
 m - 2 scrolls of amnesia {unknown}
 n - 2 scrolls of enchant armour {unknown}
 r - 3 scrolls of magic mapping {unknown}
 s - 5 scrolls of identify {unknown}
 w - 2 scrolls of immolation {unknown}
Potions
 c - a potion of curing
 d - a potion of heal wounds
 e - 2 potions of haste
 f - 5 potions of magic
 k - 2 potions of invisibility
 q - 6 potions of flight {unknown}
 u - 3 potions of resistance {unknown}


   Skills:
 - Level 16.6 Fighting
 - Level 14.7 Polearms
 + Level 9.0 Armour
 - Level 12.3 Dodging


You had 10 spell levels left.
You didn't know any spells.
Your spell library was empty.

Dungeon Overview and Level Annotations

Branches:
Dungeon (1/1)

Altars:
Cheibriados
Dithmenos
Elyvilon
Fedhas
Gozag
Hepliaklqana
Kikubaaqudgha
Makhleb
Nemelex Xobeh
Okawaru
Qazlal
Ru
Sif Muna
Trog
Uskayaw
Vehumet
Wu Jian
Xom
Yredelemnul
Zin
The Shining One
Beogh
Jiyva
Lugonu

Shops:
D [:((:?!=[(:==[!

Annotations:
D exclusion: oklob plant


Innate Abilities, Weirdness & Mutations

Your serpentine skin is tough. (AC +3)
You have supernaturally acute eyesight. (SInv)
Armour fits poorly on your strangely shaped body.
Your system is resistant to poisons. (rPois)
You cover ground very slowly.
You can spit poison.
You have a snake-like lower body.


Message History

The cacodemon gestures at you. You resist with almost no effort.
Your ogre hits the bone dragon with a +0 giant club!
The bone dragon bites you. The bone dragon closely misses you.
The bone dragon completely misses you.
You puncture the bone dragon!
The bone dragon is severely damaged.
The cacodemon hits you. x2
You impale the bone dragon!! You burn the bone dragon.
The bone dragon is almost destroyed.
Your ogre hits the bone dragon with a +0 giant club!
The bone dragon is destroyed!
Trog accepts your kill. Trog grants you a weapon! Something appears before you!
You see here the +8 glaive of Ecaru {god gift, vorpal, +Rage rF+ rCorr Dex-4 SInv}.
Your Armour skill gained 6 levels and is now at level 9!
You barely miss the cacodemon. The cacodemon hits you!
The cacodemon hits you but does no damage.
You hit the cacodemon. You burn the cacodemon.
The cacodemon is lightly wounded.
You closely miss the cacodemon.
The cacodemon is lightly wounded.
Your ogre hits the cacodemon with a +0 giant club!!
The cacodemon closely misses you. x2
You puncture the cacodemon! You burn the cacodemon.
The cacodemon is heavily wounded.
The golden dragon breathes cold at you. The bolt of cold hits you!!!
* * * LOW HITPOINT WARNING * * *
Your ogre barely misses the cacodemon.
You hear a shout!
You hit the cacodemon. You burn the cacodemon.
The cacodemon is heavily wounded.
The cacodemon barely misses you. The cacodemon closely misses you.
You hit the cacodemon. You burn the cacodemon.
The cacodemon is heavily wounded.
Your ogre hits the cacodemon with a +0 giant club!!
The golden dragon barely misses you. The golden dragon claws you!
You die...

##≈§≈≈§≈≈## ###≈≈§§§§§§§## ▓▓ ###
'≈§§§§≈≈≈§§≈# +.
##...####≈§§;;;§;≈ #.
.2...2.≈##§;;;;§ #.
##########≈2#+++#+++## #
#########≈≈≈.D.......# #
.......∩#≈≈≈≈.##O##..# #
∩.....∩.#≈≈≈≈#.2@.##.#### +^##.#
.∩...∩.∩#≈≈≈≈#.D#..# ...# ...##
..∩.∩.∩.#≈≈####.≈)####..## #..##
.∩.∩.∩..#≈##.###'.##.##..# +..#.
..∩.∩...#≈#.#.##.#....#..# #..#.
...⌠....'≈'###'.<.'###'..####..##
........#≈#.#.##.##...#.§..###^..
▓▓▓▓▓▓###≈##.###'###.##....§.≈≈)≈
)lZ######≈≈####...####≈≈§.§..≈#'#


You could see a golden dragon (catching breath), a cacodemon (ally target), 6
electric eels and a friendly ogre (summoned, berserk).

Vanquished Creatures
  A yaktaur captain (D)
  2 boulder beetles (D)
  A centaur warrior (D)
  A skeletal warrior (D)
  An elephant (D)
  2 manticores (D)
  A merfolk siren (D)
  A kobold demonologist (D)
  A yaktaur (D)
  3 polar bears (D)
  A hornet (D)
  2 wyverns (D)
  A vampire mosquito (D)
  Menkaure (D)
  2 water moccasins (D)
  4 necrophages (D)
25 creatures vanquished.

Vanquished Creatures (collateral kills)
  A bone dragon (D)
  Kirke (D)
2 creatures vanquished.

Vanquished Creatures (others)
  A water moccasin (D)
  12 tentacles (D)
13 creatures vanquished.

Grand Total: 40 creatures vanquished

Notes
Turn   | Place    | Note
-------+----------+-------------------------------------------
     0 | D        | Ankalagon the Naga Berserker began the quest for the Orb.
     0 | D        | Reached XP level 1. HP: 21/21 MP: 1/1
     1 | D        | Noticed a wyvern
     1 | D        | Noticed a wyvern
     4 | D        | Noticed a necrophage
     4 | D        | Noticed a necrophage
     4 | D        | Noticed a necrophage
     4 | D        | Noticed a necrophage
    13 | D        | Killed a necrophage
    14 | D        | Reached skill level 6 in Fighting
    14 | D        | Reached XP level 2. HP: 20/34 MP: 2/2
    14 | D        | Reached XP level 3. HP: 24/42 MP: 3/3
    14 | D        | Reached XP level 4. HP: 28/49 MP: 4/4
    19 | D        | Killed a necrophage
    20 | D        | Reached skill level 8 in Fighting
    20 | D        | Reached XP level 5. HP: 32/58 MP: 5/5
    24 | D        | Killed a necrophage
    24 | D        | Reached ** piety under Trog
    25 | D        | Reached skill level 9 in Fighting
    25 | D        | Reached XP level 6. HP: 26/69 MP: 6/6
    35 | D        | Killed a necrophage
    36 | D        | Reached skill level 10 in Fighting
    36 | D        | Reached skill level 10 in Polearms
    38 | D        | Killed a water moccasin
   308 | D        | Noticed a boulder beetle
   308 | D        | Noticed a boulder beetle
   311 | D        | Noticed a merfolk siren
   362 | D        | Killed a merfolk siren
   362 | D        | Reached *** piety under Trog
   363 | D        | Reached skill level 11 in Fighting
   363 | D        | Reached XP level 7. HP: 69/81 MP: 7/7
   419 | D        | Killed a wyvern
   420 | D        | Reached skill level 5 in Dodging
   424 | D        | Killed a wyvern
   425 | D        | Reached XP level 8. HP: 69/91 MP: 8/8
   621 | D        | Found Ulyquy's Book Emporium.
   621 | D        | Found Xomem's Jewellery Emporium.
   621 | D        | Found Dedear's Jewellery Shoppe.
   621 | D        | Found Neqyps's Distillery.
   621 | D        | Found Toutzerr's Antique Weapon Shoppe.
   621 | D        | Found Bisiunt's Jewellery Shoppe.
   621 | D        | Found Osonok's Antique Armour Shoppe.
   622 | D        | Found Mopiz's Antique Armour Emporium.
   622 | D        | Found Werhemi's Distillery.
   623 | D        | Found Weerivvu's Magic Scroll Shoppe.
   623 | D        | Found Ynoif's Book Emporium.
   624 | D        | Noticed a wyvern
   624 | D        | Noticed a wyvern
   625 | D        | Found Epifaej's Antique Weapon Emporium.
   625 | D        | Found Zulu's Weapon Shoppe.
   625 | D        | Noticed Menkaure
   625 | D        | Noticed an oklob plant
   628 | D        | Found Axzerr's Antique Armour Emporium.
   628 | D        | Found Uhim's Book Shoppe.
   641 | D        | Killed Menkaure
   864 | D        | Bought a pair of runed gloves for 142 gold pieces
   889 | D        | Bought a masterwork ring mail for 171 gold pieces
   889 | D        | Identified the +3 ring mail "Tytwut" {Will+ Int+2} (You
                  | bought it in a shop in the Dungeon)
   901 | D        | Bought a potion of heal wounds for 55 gold pieces
   905 | D        | Bought 2 potions of invisibility for 160 gold pieces
   906 | D        | Bought a cloak for 112 gold pieces
   937 | D        | Reached **** piety under Trog
   938 | D        | Reached skill level 12 in Fighting
  1082 | D        | Killed a boulder beetle
  1083 | D        | Reached XP level 9. HP: 33/100 MP: 9/9
  1392 | D        | Killed a boulder beetle
  1393 | D        | Reached skill level 13 in Fighting
  1546 | D        | Found a stormy altar of Qazlal.
  1546 | D        | Found an ornate altar of the Wu Jian Council.
  1547 | D        | Found a hazy altar of Hepliaklqana.
  1547 | D        | Found a sacrificial altar of Ru.
  1548 | D        | Found a viscous altar of Jiyva.
  1548 | D        | Found a shimmering blue altar of Sif Muna.
  1548 | D        | Found a shimmering altar of Xom.
  1549 | D        | Found a snail-covered altar of Cheibriados.
  1549 | D        | Found an ancient bone altar of Kikubaaqudgha.
  1549 | D        | Found a bloodstained altar of Trog.
  1549 | D        | Found a glowing golden altar of the Shining One.
  1549 | D        | Found a basalt altar of Yredelemnul.
  1550 | D        | Found a shadowy altar of Dithmenos.
  1550 | D        | Found a corrupted altar of Lugonu.
  1551 | D        | Found a white marble altar of Elyvilon.
  1551 | D        | Found a burning altar of Makhleb.
  1552 | D        | Found a blossoming altar of Fedhas.
  1554 | D        | Found an opulent altar of Gozag.
  1554 | D        | Found a hide-covered altar of Uskayaw.
  1554 | D        | Found a sparkling altar of Nemelex Xobeh.
  1554 | D        | Noticed a hornet
  1554 | D        | Noticed a polar bear
  1554 | D        | Noticed a polar bear
  1554 | D        | Noticed a polar bear
  1554 | D        | Noticed a yaktaur
  1555 | D        | Found a glowing silver altar of Zin.
  1555 | D        | Found a radiant altar of Vehumet.
  1555 | D        | Found an iron altar of Okawaru.
  1568 | D        | Killed a polar bear
  1573 | D        | Killed a polar bear
  1584 | D        | Killed a hornet
  1584 | D        | Reached ***** piety under Trog
  1589 | D        | Killed a polar bear
  1590 | D        | Reached skill level 14 in Fighting
  1590 | D        | Reached XP level 10. HP: 69/112 MP: 10/10
  1823 | D        | Noticed a kraken
  2247 | D        | Noticed an ice statue
  2275 | D        | Noticed Kirke
  2275 | D        | Noticed a skeletal warrior
  2275 | D        | Noticed a kobold demonologist
  2294 | D        | Killed Kirke
  2295 | D        | Reached skill level 15 in Fighting
  2297 | D        | Killed a skeletal warrior
  2299 | D        | Noticed a manticore
  2304 | D        | Noticed a manticore
  2307 | D        | Noticed a yaktaur captain
  2310 | D        | Noticed an elephant
  2316 | D        | Killed a manticore
  2316 | D        | Received a gift from Trog
  2317 | D        | Reached skill level 16 in Fighting
  2320 | D        | Killed a manticore
  2321 | D        | Reached XP level 11. HP: 53/124 MP: 11/11
  2338 | D        | Killed a yaktaur captain
  2338 | D        | Noticed a manticore
  2731 | D        | Noticed a centaur warrior
  2737 | D        | Killed a centaur warrior
  3038 | D        | Bought a helmet for 85 gold pieces
  3071 | D        | Noticed a cacodemon
  3072 | D        | Noticed a bone dragon
  3088 | D        | Noticed a golden dragon
  3093 | D        | Killed a bone dragon
  3093 | D        | Identified the +8 glaive of Ecaru {god gift, vorpal, +Rage
                  | rF+ rCorr Dex-4 SInv} (Trog gifted it to you in the
                  | Dungeon)
  3093 | D        | Received a gift from Trog
  3097 | D        | HP: 4/190 [golden dragon/bolt of cold (57)]
  3099 | D        | Mangled by a golden dragon

Illustrated notes

Levels and vault maps discovered:
D:        the_violet_keep_of_menkaure [sprint2_stairs_cluster_1,
          sprint2_shoproom, sprint2_temple, sprint2_basic_supplies,
          sprint2_obstacle_2, sprint2_obstacle_1, sprint2_obstacle_7,
          sprint2_obstacle_3, sprint2_obstacle_6, sprint2_timed_cluster_1,
          sprint2_smallroom_cluster_1, sprint2_smallroom_final_cluster_1,
          sprint2_transparent_cluster_1, sprint2_second_timed_cluster_1,
          sprint2_sniper_area_1, sprint2_heavy_combat_area_1,
          sprint2_mutation_trap_area_1, sprint2_forest_area_1,
          sprint2_light_combat_area_1, sprint2_behind_water_1,
          sprint2_near_end_vault_1]

Skill      XL: |  1  2  3  4  5  6  7  8  9 10 11 |
---------------+----------------------------------+-----
Fighting       | 6 8 9 11 12 14 16 | 16.6
Polearms       | 6 8 9 11 12 14 | 14.7
Dodging        | 4 5 7 9 11 12 | 12.3
Armour         | 9 |  9.0

Action                   |  1- 3 |  4- 6 |  7- 9 | 10-12 || total
-------------------------+-------+-------+-------+-------++-------
Melee: Spear             |     8 |    72 |       |       ||    80
       Trident           |       |       |   102 |    34 ||   136
       Halberd           |       |       |       |    49 ||    49
Invok: Berserk           |       |       |     5 |     3 ||     8
       Trog's Hand       |       |       |     1 |     1 ||     2
       Brothers in Arms  |       |       |       |     2 ||     2
 Abil: Spit Poison       |       |       |     1 |     1 ||     2
  Use: Potion            |     1 |       |       |     1 ||     2
Armor: Animal skin       |       |     2 |     1 |       ||     3
       Ring mail         |       |       |    24 |    43 ||    67
Dodge: Dodged            |     2 |     9 |    37 |    72 ||   120

Table legend: (Time is in decaauts)
 A = Elapsed time spent in this place.
 B = Non-inter-level travel time spent in this place.
 C = Inter-level travel time spent in this place.
 D = Time resting spent in this place.
 E = Time spent auto-exploring this place.
 F = Levels seen in this place.
 G = Mean time per level.
                   A        B        C        D        E       F      G
               +--------+--------+--------+--------+--------+-----+--------+
         Total |   3304 |   3304 |      0 |   2339 |     30 |   1 | 3304.0 |
       Dungeon |   3304 |   3304 |      0 |   2339 |     30 |   1 | 3304.0 |
               +--------+--------+--------+--------+--------+-----+--------+

Top non-repeatable levels by time:
       D: 3304 daAuts
